Map: Emerald City LE

Players

SunOfSenegal

  • Race: Protoss Protoss
  • Spawn Location: 11:00

SonOfMogh

  • Race: Zerg Zerg
  • League: Diamond
  • Spawn Location: 11:00

Massa - Winner!

  • Race: Terran Terran
  • League: Platinum
  • Spawn Location: 5:00

qqq - Winner!

  • Race: Zerg Zerg
  • Spawn Location: 5:00

VOD

Have the link to the VOD?

Description

Time

  • Played on: Nov. 8, 2020, 3:40 p.m.
  • Length: 20:45
Show
View Real Time Build Order
Export as new Build Order

SunOfSenegal Protoss 

Build Orders: Carriers 

Get SALT Encoding   

  12  0:00  Probe  
  13  0:12  Probe  
  14  0:20  Pylon  
  14  0:26  Probe  
  15  0:38  Probe (Chrono Boost)  
  16  0:47  Gateway  
  17  0:50  Probe (Chrono Boost)  
  17  0:54  Probe (Chrono Boost)  
  18  0:57  Assimilator  
  18  1:04  Probe  
  19  1:22  Probe  
  20  1:30  Gateway  
  20  1:34  Probe, Cybernetics Core  
  21  1:50  Assimilator  
  21  1:55  Gateway  
  21  1:58  Pylon  
  21  2:02  Probe  
  22  2:10  Warp Gate  
  22  2:15  Probe  
  23  2:16  Adept  
  23  2:22  Pylon  
  25  2:26  Adept  
  26  2:42  Probe  
  27  2:49  Adept x2  
  31  2:58  Nexus  
  31  3:04  Adept  
  33  3:15  Pylon  
  33  3:21  Adept  
  35  3:32  Twilight Council  
  35  3:35  Probe  
  36  3:47  Probe  
  37  4:02  Gateway  
  37  4:04  Gateway  
  37  4:08  Probe  
  38  4:12  Probe  
  38  4:15  Resonating Glaives (Chrono Boost)  
  39  4:20  Probe  
  39  4:23  Adept  
  42  4:24  Probe  
  42  4:28  Adept  
  45  4:32  Probe  
  45  4:33  Adept  
  48  4:54  Stalker x3  
  54  5:22  Adept  
  54  5:23  Adept x3  
  62  5:31  Pylon  
  62  5:36  Forge  
  62  5:39  Pylon  
  62  5:44  Pylon  
  62  5:49  Probe x2  
  64  6:02  Probe (Chrono Boost)  
  64  6:03  Probe (Chrono Boost)  
  66  6:05  Nexus  
  66  6:07  Pylon  
  66  6:14  Probe (Chrono Boost)  
  66  6:15  Probe (Chrono Boost)  
  68  6:20  Protoss Ground Weapons Level 1 (Chrono Boost)  
  68  6:22  Probe x2 (Chrono Boost), Blink (Chrono Boost)  
  70  6:29  Photon Cannon  
  70  6:33  Pylon  
  70  6:34  Probe x2  
  72  6:40  Assimilator  
  72  6:43  Assimilator  
  72  6:55  Stalker x3  
  78  7:05  Forge  
  78  7:07  Templar Archives  
  78  7:12  Probe x2  
  80  7:24  Probe  
  80  7:25  Probe  
  82  7:39  Psionic Storm  
  82  7:40  Photon Cannon  
  82  7:41  Photon Cannon  
  82  7:42  Assimilator  
  82  7:45  Protoss Ground Armor Level 1 (Chrono Boost)  
  82  7:51  Robotics Facility  
  82  7:56  Probe x3  
  85  8:08  Probe (Chrono Boost)  
  85  8:10  Pylon  
  88  8:14  Probe x2 (Chrono Boost), Stalker x3  
  88  8:17  Probe (Chrono Boost)  
  95  8:22  Probe (Chrono Boost)  
  95  8:25  High Templar x2  
  100  8:45  Pylon  
  100  8:48  Pylon  
  100  8:49  High Templar  
  100  8:50  High Templar  
  100  8:51  High Templar  
  100  8:52  Photon Cannon  
  100  8:53  Protoss Ground Weapons Level 2 (Chrono Boost)  
  100  8:54  Photon Cannon  
  106  9:11  Assimilator  
  106  9:14  Stalker  
  106  9:15  Stalker  
  110  9:25  Pylon  
  110  9:27  Pylon  
  110  9:29  Observer, Pylon  
  111  9:34  Gateway  
  111  9:36  Gateway x2  
  111  9:54  Stalker x4  
  111  9:55  Stalker  
  121  10:02  Gateway  
  121  10:05  Gateway x2  
  121  10:08  Stargate  
  121  10:10  Stargate  
  121  10:12  Probe  
  121  10:13  Probe x2, Stargate  
  124  10:25  Probe x2  
  124  10:27  Nexus  
  126  10:29  Probe, Pylon  
  126  10:31  Pylon  
  126  10:34  Pylon  
  127  10:37  Probe x2  
  127  10:40  Pylon  
  127  10:41  Probe  
  130  11:01  Fleet Beacon  
  130  11:02  Probe x2  
  130  11:03  Probe  
  133  11:12  Photon Cannon  
  133  11:13  Photon Cannon  
  133  11:14  Probe x2  
  133  11:15  Probe  
  133  11:16  Photon Cannon  
  133  11:18  Photon Cannon  
  136  11:20  Photon Cannon  
  136  11:21  Photon Cannon  
  136  11:24  Photon Cannon  
  136  11:26  Probe x2  
  136  11:28  Assimilator, Protoss Ground Armor Level 2 (Chrono Boost)  
  138  11:33  Protoss Ground Weapons Level 3 (Chrono Boost)  
  138  11:42  High Templar x2, Protoss Air Weapons Level 1 (Chrono Boost)  
  138  11:43  High Templar x2  
  138  11:45  High Templar  
  148  11:47  Archon  
  148  11:48  Archon  
  148  11:54  High Templar  
  148  12:00  Probe x3  
  148  12:01  Probe  
  154  12:07  Assimilator  
  154  12:09  Archon  
  154  12:10  High Templar  
  154  12:11  High Templar  
  154  12:15  Archon  
  158  12:28  Photon Cannon  
  158  12:30  Photon Cannon  
  158  12:35  Photon Cannon  
  158  12:38  Pylon  
  158  13:03  Nexus  
  158  13:06  Pylon  
  158  13:08  Pylon  
  158  13:12  Pylon  
  158  13:13  Pylon  
  158  13:17  Pylon  
  158  13:18  Stargate  
  158  13:19  Stargate  
  142  13:22  Photon Cannon  
  98  13:47  Stalker x2  
  98  13:48  Stalker x4  
  85  13:49  Carrier (Chrono Boost), Stalker x4  
  85  13:50  Carrier (Chrono Boost)  
  85  13:52  Phoenix (Chrono Boost)  
  92  14:07  Carrier (Chrono Boost)  
  102  14:13  Stalker  
  102  14:14  Carrier (Chrono Boost)  
  102  14:15  Carrier (Chrono Boost)  
  102  14:16  Zealot x2  
  102  14:17  Zealot x5  
  116  14:18  Zealot x2  
  126  14:52  Probe x3 (Chrono Boost)  
  130  14:53  Probe (Chrono Boost)  
  130  15:03  Probe x2 (Chrono Boost)  
  130  15:05  Probe x2 (Chrono Boost)  
  134  15:07  Probe (Chrono Boost)  
  134  15:08  Probe (Chrono Boost)  
  134  15:09  Carrier (Chrono Boost), Assimilator  
  134  15:10  Carrier (Chrono Boost)  
  134  15:13  Probe, Assimilator  
  134  15:14  Probe  
  156  15:15  Photon Cannon  
  156  15:16  Carrier (Chrono Boost)  
  156  15:19  Photon Cannon  
  156  15:21  Carrier (Chrono Boost)  
  155  15:37  Probe x3  
  155  15:38  Probe  
  155  15:42  Carrier (Chrono Boost)  
  165  15:57  Tempest (Chrono Boost)  
  170  16:17  Observer  
  171  16:19  Carrier  
  171  16:20  Nexus  
  171  16:22  Pylon  
  171  16:24  Pylon  
  177  16:55  Stalker  
  177  16:56  Stalker x4  
  177  16:57  Stalker x3  
  181  17:29  Carrier (Chrono Boost)  
  175  17:41  Carrier (Chrono Boost)  
  117  18:07  Stalker x2  
  117  18:08  Stalker x3  
  117  18:09  Stalker x2  
  89  18:35  Stalker  
  89  18:36  Stalker x3  
  20  20:23  Nexus  
  20  20:24  Pylon  
  20  20:26  Pylon  
  20  20:29  Adept x6  
  20  20:30  Adept  
Show
View Real Time Build Order
Export as new Build Order

SonOfMogh Zerg 

Build Orders: Hatch First, Brood Lord Corruptor 

Get SALT Encoding   

  12  0:00  Drone  
  13  0:12  Overlord  
  13  0:16  Drone  
  14  0:30  Drone x2  
  16  0:49  Hatchery  
  15  0:52  Drone  
  15  0:56  Drone  
  17  1:06  Extractor  
  16  1:12  Spawning Pool  
  16  1:15  Drone  
  16  1:18  Drone  
  16  1:22  Drone  
  18  1:29  Drone  
  19  1:38  Overlord  
  19  1:49  Drone  
  20  1:59  Queen  
  22  2:04  Baneling Nest  
  22  2:07  Drone  
  22  2:09  Queen  
  22  2:12  Zergling x2  
  22  2:13  Zergling x2  
  26  2:16  Zergling x2  
  26  2:22  Drone  
  28  2:24  Drone  
  28  2:29  Metabolic Boost  
  29  2:41  Drone  
  30  2:50  Drone x3  
  33  2:55  Zergling x4  
  35  3:04  Overlord  
  35  3:07  Zergling x2  
  35  3:09  Lair  
  36  3:17  Overlord  
  36  3:23  Zergling x4  
  36  3:24  Zergling x4  
  40  3:27  Zergling x6  
  40  3:30  Overlord  
  43  3:43  Zergling x6  
  46  3:51  Zergling x2  
  47  3:57  Zergling x2  
  47  3:58  Zergling x6  
  51  4:04  Zergling x2  
  51  4:07  Centrifical Hooks  
  51  4:09  Overlord  
  52  4:15  Zergling x6  
  55  4:17  Zergling x2  
  55  4:19  Zergling x2  
  57  4:26  Zergling x2  
  57  4:30  Zergling x2  
  57  4:31  Zergling x4  
  61  4:41  Zergling x2  
  61  4:43  Overlord  
  61  4:44  Overlord  
  62  4:47  Zergling x4  
  62  4:51  Zergling x2  
  65  4:55  Baneling  
  65  4:56  Baneling x5  
  41  5:16  Zergling x2  
  37  5:26  Zergling x10  
  37  5:27  Zergling x4  
  44  5:30  Drone x4, Extractor x2  
  46  5:37  Extractor  
  45  5:44  Hatchery  
  45  5:45  Roach Warren  
  43  5:52  Drone x2  
  43  5:53  Drone x2  
  47  5:59  Drone  
  47  6:02  Drone  
  47  6:03  Drone x2  
  51  6:06  Drone  
  51  6:07  Drone  
  51  6:09  Drone  
  54  6:15  Evolution Chamber  
  54  6:17  Drone x2  
  55  6:23  Drone x2  
  57  6:27  Glial Reconstitution  
  57  6:36  Drone x3  
  57  6:37  Drone  
  61  6:44  Queen  
  65  6:47  Roach  
  65  6:48  Roach x2  
  65  6:50  Roach  
  65  6:53  Roach  
  73  6:55  Drone  
  73  7:01  Queen  
  76  7:07  Roach x2  
  80  7:08  Overlord  
  80  7:12  Drone  
  80  7:13  Drone  
  82  7:16  Roach  
  82  7:18  Roach  
  82  7:20  Drone  
  87  7:24  Overlord  
  87  7:28  Overlord  
  87  7:33  Spore Crawler  
  87  7:34  Spore Crawler  
  85  7:37  Overseer x2  
  82  7:47  Drone x4  
  82  7:48  Drone x2  
  87  7:56  Drone, Spire  
  87  7:57  Drone  
  88  7:59  Overseer  
  88  8:04  Pneumatized Carapace  
  88  8:06  Drone  
  88  8:07  Drone  
  90  8:14  Roach x2  
  90  8:15  Roach  
  96  8:22  Drone x2  
  86  8:31  Drone  
  86  8:32  Drone x4  
  82  8:36  Drone  
  83  8:42  Drone x4  
  83  8:43  Drone x3  
  90  8:48  Queen  
  90  8:50  Evolution Chamber  
  90  8:51  Drone  
  92  8:58  Extractor  
  92  8:59  Roach  
  92  9:00  Extractor, Roach x3  
  98  9:03  Overlord  
  98  9:13  Drone  
  98  9:14  Infestation Pit  
  98  9:17  Drone  
  98  9:18  Drone x3  
  98  9:19  Drone  
  103  9:32  Zerg Flyer Weapons Level 1  
  103  9:34  Hatchery  
  103  9:35  Roach  
  103  9:36  Roach x4  
  112  9:44  Spore Crawler  
  111  9:52  Zerg Missile Weapons Level 1  
  109  9:54  Overlord x2  
  109  9:58  Hive  
  109  9:59  Corruptor x2  
  111  10:02  Corruptor  
  111  10:06  Corruptor  
  117  10:18  Spore Crawler  
  117  10:21  Spore Crawler  
  115  10:28  Roach x3  
  119  10:29  Roach x3  
  119  10:31  Zergling x6  
  129  10:36  Drone  
  129  10:37  Drone x2  
  129  10:38  Drone x3  
  129  10:42  Corruptor  
  137  10:45  Drone, Hatchery  
  137  10:57  Overlord x4  
  137  10:58  Overlord  
  137  11:01  Drone  
  138  11:16  Corruptor  
  138  11:17  Corruptor x3  
  146  11:26  Greater Spire  
  146  11:27  Overlord  
  146  11:28  Corruptor  
  148  11:33  Spore Crawler  
  148  11:38  Drone x2  
  148  11:39  Drone x5  
  155  11:40  Drone  
  155  11:43  Corruptor  
  157  11:47  Corruptor  
  157  11:52  Extractor  
  158  11:55  Extractor  
  158  11:59  Spore Crawler  
  158  12:00  Spore Crawler  
  155  12:02  Spore Crawler, Corruptor x2  
  155  12:06  Corruptor  
  160  12:17  Corruptor x3  
  166  12:25  Corruptor x2  
  166  12:29  Corruptor  
  170  12:44  Corruptor x2  
  170  12:45  Overlord x2  
  170  12:50  Zerg Flyer Armor Level 1  
  174  12:56  Zerg Missile Weapons Level 2  
  174  13:01  Brood Lord, Evolution Chamber  
  174  13:02  Brood Lord x3  
  181  13:07  Brood Lord x2  
  181  13:09  Overlord  
  181  13:12  Brood Lord  
  187  13:35  Ravager x2  
  187  13:36  Ravager x2  
  187  13:37  Brood Lord  
  187  13:38  Brood Lord  
  187  13:39  Brood Lord  
  187  14:13  Corruptor x4  
  187  14:14  Corruptor  
  189  14:18  Corruptor  
  189  14:19  Corruptor  
  177  14:26  Corruptor  
  147  14:40  Corruptor x2  
  151  14:49  Drone  
  151  14:50  Drone x11  
  163  15:02  Corruptor x4  
  163  15:03  Corruptor  
  173  15:11  Corruptor  
  173  15:12  Corruptor  
  177  15:21  Corruptor  
  177  15:22  Corruptor  
  177  15:27  Corruptor  
  183  15:33  Extractor  
  183  15:34  Corruptor  
  184  15:35  Extractor  
  184  15:37  Corruptor  
  185  15:53  Corruptor x2  
  185  15:54  Corruptor  
  179  16:06  Brood Lord, Corruptor  
  179  16:08  Zergling x28  
  179  16:09  Zergling x2  
  198  16:13  Overseer  
  198  16:15  Overseer x2  
  167  16:50  Roach  
  167  16:51  Roach x15  
  197  17:02  Roach  
  168  17:16  Brood Lord x4  
  168  17:18  Zergling x10  
  168  17:19  Zergling x12  
  129  17:33  Roach  
  129  17:34  Roach  
  87  18:31  Corruptor x2  
  87  18:32  Corruptor  
  87  18:33  Roach x3  
  99  18:45  Corruptor x2  
  99  18:47  Hatchery, Extractor  
  101  18:50  Extractor  
  100  19:00  Corruptor x2  
  102  19:49  Corruptor  
  36  20:24  Drone  
  36  20:25  Drone x5  
Show
View Real Time Build Order
Export as new Build Order

Massa Terran - Winner!

Build Orders: Gas First Reaper Expand 

Get SALT Encoding   

  12  0:00  SCV  
  13  0:12  SCV  
  14  0:23  Supply Depot  
  14  0:24  SCV  
  15  0:35  Refinery  
  15  0:45  SCV  
  15  0:46  Barracks  
  16  0:57  SCV  
  17  1:09  SCV  
  18  1:25  SCV  
  19  1:33  Reaper  
  19  1:38  Command Center  
  20  1:45  Orbital Command  
  20  2:01  Factory  
  20  2:05  Marine  
  21  2:13  SCV  
  22  2:25  SCV  
  25  2:51  Hellion  
  25  2:52  Marine  
  25  2:55  Supply Depot  
  25  2:56  Orbital Command  
  26  3:03  SCV  
  27  3:10  Marine  
  30  3:14  Supply Depot  
  30  3:15  Factory Tech Lab, SCV  
  29  3:23  SCV  
  29  3:26  Command Center  
  30  3:27  SCV, Barracks  
  31  3:50  Marine  
  31  3:51  Siege Tank  
  31  3:54  SCV x2  
  37  4:06  SCV x2  
  37  4:08  Marine  
  40  4:11  Supply Depot  
  40  4:14  Starport  
  40  4:22  Marine  
  40  4:23  Siege Tank  
  44  4:27  Marine  
  45  4:35  SCV x2  
  47  4:40  Marine  
  48  4:47  SCV  
  48  4:48  SCV  
  48  4:51  Marine  
  51  4:58  Marine  
  51  4:59  SCV  
  52  5:00  SCV  
  53  5:09  Marine  
  53  5:47  Barracks Tech Lab  
  53  5:48  Marine  
  54  5:51  Starport Tech Lab  
  54  5:52  Siege Tank  
  57  5:57  Orbital Command  
  57  5:59  SCV x2  
  59  6:05  Marine  
  59  6:07  Barracks x2  
  59  6:11  Refinery, SCV x2  
  62  6:12  Command Center  
  62  6:13  Refinery  
  62  6:14  Banshee  
  62  6:15  Engineering Bay  
  65  6:22  Marauder  
  65  6:23  SCV x2, Marine  
  70  6:27  SCV  
  70  6:29  Refinery  
  71  6:35  SCV x2  
  71  6:39  SCV  
  74  6:41  Marine  
  74  6:43  Marauder  
  77  6:53  Missile Turret  
  77  6:57  Terran Infantry Weapons Level 1  
  77  7:15  Missile Turret  
  77  7:23  SCV x2, Marine x2, Siege Tank  
  77  7:25  Supply Depot  
  77  7:27  Supply Depot  
  77  7:28  Supply Depot  
  77  7:29  Supply Depot  
  84  7:30  Orbital Command  
  84  7:35  SCV  
  84  7:36  SCV, Missile Turret, Orbital Command  
  86  7:44  Marauder, Marine  
  86  7:48  SCV x2  
  86  7:49  Barracks Reactor, Barracks Tech Lab  
  88  7:51  Supply Depot  
  88  7:52  Supply Depot  
  88  7:53  Supply Depot  
  88  7:54  Barracks, Supply Depot  
  88  7:57  Missile Turret  
  88  7:58  Barracks  
  88  8:00  SCV  
  88  8:01  Marine  
  88  8:05  Marauder  
  92  8:08  Barracks  
  92  8:09  SCV x3  
  92  8:12  SCV  
  96  8:14  Missile Turret  
  96  8:16  Supply Depot x2  
  96  8:17  Missile Turret  
  96  8:18  Missile Turret x2  
  96  8:19  Marine, Missile Turret  
  97  8:20  Missile Turret  
  97  8:21  SCV x2  
  97  8:23  Missile Turret  
  97  8:26  Missile Turret  
  97  8:27  Marauder  
  101  8:30  Missile Turret  
  101  8:31  SCV x2  
  101  8:33  SCV  
  104  8:40  Missile Turret  
  104  8:43  Missile Turret  
  104  8:44  Missile Turret  
  104  8:46  Marauder  
  104  8:47  Marine x3  
  104  8:48  Marauder  
  111  8:49  Stimpack  
  111  8:51  Concussive Shells  
  111  8:53  Barracks Tech Lab  
  111  8:57  SCV  
  111  8:58  SCV x2  
  111  9:00  Refinery, Barracks Tech Lab  
  114  9:03  Refinery  
  114  9:08  Marauder  
  114  9:09  Marauder  
  118  9:11  Siege Tank  
  118  9:15  Armory  
  121  9:18  Terran Infantry Armor Level 1, Engineering Bay  
  121  9:21  Armory  
  121  9:23  Medivac  
  123  9:29  Starport, Marauder  
  123  9:31  Marauder  
  127  9:36  Combat Shield  
  127  9:37  Marauder  
  127  9:38  Marine x2  
  131  9:46  Orbital Command  
  131  9:51  Marauder  
  131  9:52  Marauder  
  135  9:53  Medivac  
  135  9:55  Marine  
  135  9:59  Marauder  
  140  10:00  Marine  
  141  10:08  Barracks Tech Lab  
  141  10:12  SCV x3, Marauder  
  141  10:13  SCV, Marauder, Marine  
  150  10:18  Marine  
  150  10:20  Marauder  
  153  10:24  SCV x2  
  155  10:33  Marauder, Missile Turret  
  155  10:35  Terran Infantry Weapons Level 2, Marauder  
  159  10:36  Missile Turret  
  159  10:37  Terran Vehicle And Ship Armor Level 1, Missile Turret x2, Terran Vehicle Weapons Level 1  
  159  10:38  Marauder, Marine x2  
  159  10:39  Starport Tech Lab  
  159  10:40  Starport Reactor  
  159  10:42  Marauder, Medivac  
  167  10:53  Missile Turret  
  167  10:54  Marine, Supply Depot  
  167  10:55  Supply Depot  
  167  10:56  Marauder, Marine x2  
  172  10:57  Missile Turret  
  172  10:58  Missile Turret  
  172  10:59  Missile Turret  
  172  11:04  Refinery  
  172  11:05  Refinery  
  172  11:15  Marauder, Thor  
  172  11:16  Marine, Command Center, Medivac  
  172  11:17  Marauder, Supply Depot  
  172  11:18  Supply Depot x3  
  185  11:19  Supply Depot  
  185  11:20  Missile Turret  
  185  11:21  Missile Turret  
  185  11:31  Medivac  
  185  11:32  Sensor Tower  
  187  11:39  Medivac  
  189  11:41  Supply Depot x2  
  189  11:43  Supply Depot x2  
  189  11:46  Medivac, Supply Depot  
  191  11:51  SCV x4  
  195  12:01  Medivac  
  197  12:03  SCV, Supply Depot  
  197  12:05  Supply Depot  
  197  12:06  Supply Depot  
  198  12:09  Medivac  
  200  12:16  Factory  
  200  12:17  Factory  
  200  12:19  Factory  
  200  12:24  Missile Turret  
  200  12:28  Planetary Fortress  
  200  12:45  Missile Turret  
  200  12:56  Terran Infantry Weapons Level 3  
  200  12:57  Terran Infantry Armor Level 2  
  200  12:58  Terran Vehicle And Ship Armor Level 2, Terran Vehicle Weapons Level 2  
  200  13:09  Missile Turret  
  187  13:31  Missile Turret  
  187  13:32  Factory Tech Lab x3  
  130  13:34  Marauder x4  
  130  13:35  Marine x2  
  137  13:53  Marine x2  
  137  13:54  Missile Turret  
  131  13:55  Marauder  
  131  13:56  Marauder x3  
  135  14:07  Thor x4  
  159  14:10  Marine x2  
  159  14:12  SCV x5  
  170  14:17  Marauder x4, Missile Turret  
  174  14:28  Marine x2  
  174  14:30  Refinery  
  176  14:37  Barracks, Missile Turret  
  176  14:38  Barracks x2, Marauder x2  
  180  14:39  Marauder x2  
  180  14:40  Barracks  
  180  14:45  Medivac x3  
  186  14:50  Thor  
  196  14:57  Missile Turret  
  200  15:00  Marauder x2  
  200  15:13  Terran Infantry Armor Level 3  
  200  15:18  Missile Turret  
  200  15:21  Smart Servos  
  200  15:22  Drilling Claws  
  200  15:35  Refinery  
  200  15:41  Missile Turret  
  200  15:43  Ghost Academy  
  200  15:49  Terran Vehicle And Ship Armor Level 3, Terran Vehicle Weapons Level 3  
  200  16:03  Missile Turret  
  200  16:14  Ghost Academy  
  198  16:45  Ghost Academy  
  196  16:57  Neosteel Armor  
  190  17:11  Marauder x4  
  190  17:12  Barracks Reactor x2, Barracks Tech Lab x2  
  198  17:32  Marauder  
  198  17:44  Marine  
  198  17:45  Marine  
  198  17:50  Hi-Sec Auto Tracking  
  112  18:26  Terran Ship Weapons Level 1  
  104  18:28  Marauder x5, Marine x4  
  104  18:29  Marauder, Marine, Thor x4  
  138  18:35  Viking x3  
  136  19:01  Missile Turret  
  136  19:04  Viking  
  136  19:05  Viking x2  
  142  19:12  Marine x2, Thor x4  
  142  19:13  Marauder x3, Marine x4  
  142  19:14  Marauder x3  
  184  19:20  Missile Turret  
  184  19:30  Marine x3  
  184  19:31  Marine  
  188  19:34  Marauder x2, Viking  
  188  19:35  Marauder, Viking x2  
  200  19:39  Missile Turret  
  193  19:58  Missile Turret  
  179  20:16  Marauder x2, Marine  
  179  20:17  Marauder x2  
  179  20:19  Missile Turret  
  200  20:37  Missile Turret  
Show
View Real Time Build Order
Export as new Build Order

qqq Zerg - Winner!

Build Orders: Hatch First, Zergling Baneling 

Get SALT Encoding   

  12  0:04  Drone  
  13  0:08  Drone  
  14  0:40  Hatchery  
  14  0:41  Drone  
  14  0:57  Spawning Pool  
  13  1:08  Overlord  
  13  1:13  Drone  
  14  1:23  Extractor  
  14  1:24  Drone  
  14  1:31  Drone x2  
  16  1:42  Drone  
  17  1:47  Queen  
  17  1:53  Drone  
  20  1:59  Queen  
  22  2:04  Drone  
  23  2:09  Drone  
  24  2:15  Overlord  
  24  2:20  Drone  
  24  2:21  Drone  
  26  2:40  Drone x2, Zergling x2  
  26  2:41  Extractor, Zergling x2  
  26  2:42  Metabolic Boost  
  29  2:53  Zergling x2, Baneling Nest  
  29  2:54  Zergling x2  
  30  3:02  Zergling x2  
  30  3:03  Zergling x2  
  32  3:10  Zergling x2  
  32  3:11  Zergling x2  
  34  3:16  Zergling x4  
  34  3:17  Overlord  
  36  3:21  Overlord  
  36  3:31  Lair  
  36  3:43  Zergling x4  
  36  3:45  Zergling x8  
  42  3:48  Baneling  
  42  3:49  Baneling  
  42  3:50  Baneling  
  42  4:02  Zergling x2, Overlord  
  43  4:03  Zergling x2  
  43  4:04  Zergling x2  
  43  4:05  Baneling  
  45  4:19  Baneling x2  
  45  4:35  Hatchery  
  44  4:46  Baneling  
  44  4:47  Baneling x2  
  44  4:55  Zergling x6  
  44  4:56  Zergling x10  
  44  4:57  Zergling x2  
  53  5:03  Baneling  
  41  5:26  Baneling  
  41  5:27  Baneling x2  
  41  5:28  Zergling x6  
  44  5:29  Drone x2  
  44  5:30  Zergling x2  
  47  5:42  Drone  
  48  5:43  Extractor, Drone  
  48  5:47  Drone  
  49  5:51  Baneling x3  
  49  6:01  Drone x4  
  53  6:05  Queen  
  53  6:06  Drone  
  53  6:09  Drone x2  
  58  6:11  Drone x3  
  58  6:12  Drone  
  58  6:13  Drone  
  58  6:15  Extractor  
  58  6:16  Extractor  
  61  6:21  Drone  
  62  6:28  Drone x2  
  62  6:29  Drone  
  65  6:44  Overlord x3  
  65  6:45  Spire  
  64  6:52  Drone  
  64  6:53  Drone, Infestation Pit  
  65  7:04  Overlord x2  
  65  7:05  Drone  
  65  7:06  Drone  
  67  7:26  Drone x5  
  67  7:27  Drone  
  73  7:30  Hive  
  73  7:34  Overlord  
  73  7:35  Overlord  
  73  7:37  Drone  
  73  7:38  Drone  
  73  7:40  Drone  
  73  7:54  Baneling x3  
  73  7:55  Baneling x6  
  73  7:59  Mutalisk x3  
  73  8:00  Mutalisk  
  73  8:01  Drone  
  73  8:04  Extractor, Drone  
  73  8:05  Extractor  
  81  8:06  Drone  
  81  8:07  Drone  
  83  8:16  Drone x2  
  83  8:17  Drone x2  
  82  8:35  Mutalisk x3  
  82  8:37  Drone x4  
  82  8:40  Hatchery  
  91  8:48  Drone  
  91  8:54  Ultralisk Cavern  
  91  8:56  Evolution Chamber x2  
  91  8:57  Mutalisk  
  91  8:58  Zergling x4  
  91  8:59  Drone, Overlord  
  91  9:00  Drone x2  
  96  9:11  Mutalisk x2  
  96  9:14  Overlord  
  96  9:15  Hatchery, Drone x2  
  96  9:16  Drone  
  102  9:24  Zerg Ground Armor Level 1  
  100  9:51  Viper  
  100  9:52  Viper  
  104  9:53  Mutalisk  
  104  9:55  Drone x4  
  110  10:05  Mutalisk  
  110  10:06  Mutalisk  
  114  10:07  Drone x2  
  114  10:09  Queen  
  118  10:20  Drone x2  
  120  10:28  Drone x2  
  118  10:34  Mutalisk x5  
  121  10:40  Mutalisk  
  121  10:42  Drone x2  
  125  10:45  Spore Crawler  
  125  10:47  Spine Crawler  
  125  10:48  Spine Crawler  
  122  10:57  Mutalisk x2  
  122  10:58  Zergling x4  
  122  10:59  Zergling x14  
  122  11:00  Drone x2  
  122  11:01  Drone x2  
  122  11:02  Zerg Melee Weapons Level 1  
  139  11:10  Extractor, Drone x3  
  141  11:13  Overlord x3  
  141  11:16  Anabolic Synthesis  
  141  11:20  Spore Crawler  
  141  11:22  Zerg Ground Armor Level 2  
  141  11:24  Zergling x2  
  141  11:25  Overlord x5  
  141  11:34  Drone x7  
  141  11:36  Ultralisk  
  154  11:43  Drone x2  
  154  11:44  Mutalisk  
  154  11:46  Zergling x6  
  161  12:02  Mutalisk  
  161  12:03  Mutalisk x2  
  161  12:06  Drone x4  
  161  12:07  Drone x2  
  173  12:08  Zerg Flyer Weapons Level 1  
  173  12:32  Ultralisk x2  
  185  12:44  Drone x2  
  185  12:45  Drone x6  
  189  12:54  Mutalisk x2, Ultralisk  
  199  12:59  Overlord  
  199  13:00  Overlord x3  
  137  14:12  Mutalisk x2  
  137  14:13  Mutalisk x8  
  151  14:18  Mutalisk x3  
  151  14:20  Drone x2, Zergling x2  
  151  14:21  Drone x5  
  163  14:41  Ultralisk x2  
  163  14:42  Zergling x6  
  163  14:43  Zergling x2  
  163  14:44  Drone x7  
  186  14:46  Extractor  
  186  14:47  Extractor, Spine Crawler, Spore Crawler  
  186  14:50  Spine Crawler  
  181  15:07  Drone x2  
  181  15:12  Hatchery, Ultralisk  
  188  15:14  Ultralisk  
  188  15:15  Extractor, Ultralisk  
  199  15:24  Hatchery  
  194  15:36  Corruptor x2  
  194  15:41  Zerg Flyer Armor Level 1  
  198  15:44  Drone  
  195  16:54  Viper  
  195  16:57  Zergling x4  
  184  17:19  Ultralisk x3  
  184  17:20  Corruptor  
  195  17:29  Corruptor x5  
  185  17:30  Corruptor x3  
  198  17:44  Drone x2  
  199  18:05  Zerg Ground Armor Level 3  
  199  18:06  Chitinous Plating  
  199  18:08  Zerg Melee Weapons Level 2  
  198  18:14  Extractor  
  198  18:15  Extractor  
  194  18:22  Viper  
  194  18:23  Overlord x2  
  194  18:24  Overlord x4  
  194  18:26  Hatchery  
  196  18:27  Hatchery  
  195  18:35  Hatchery  
  192  18:57  Viper x2  
  198  19:17  Spore Crawler  
  198  19:18  Spore Crawler  
  198  19:20  Spore Crawler x2  
  198  19:21  Spore Crawler x4  
  174  19:38  Corruptor x7  
  161  19:39  Corruptor x2  
  161  19:40  Drone x3  
  161  19:41  Drone x3  
  147  19:56  Corruptor x3  
  147  19:57  Corruptor  
  135  20:07  Drone x2  
  135  20:08  Drone x6  
Tags
 
Add a new tag
Caveats
  • Supply blocks, unpowered buildings, or Contaminate may cause inaccurate times.
  • Supply counts are checked every 10 seconds.